2053 views
Uploaded 2022-04-16 23:59:09
Game version 1.32.9
103:09 long 2on2 ladder game on (4)Avalanche_LV
Saved by Cabeelibob
2053 views
Uploaded 2022-04-16 23:59:09
Game version 1.32.9
103:09 long 2on2 ladder game on (4)Avalanche_LV


107 units @ 12.9k
/ 2.7k
140 buildings @ 10.2k
/ 5.3k
DudeWhy
(236)
(102:57) : 

| Lesser Clarity Potion | 2 | 140 |
| total: | 2 | 140g |
| Peasant | 16 | 1200 | / | 0 |
| Footman | 8 | 1080 | / | 0 |
| Gryphon Rider | 5 | 1400 | / | 350 |
| total: | 29 | 3680g | / | 350w |
| Scout Tower | 50 | 1500 | / | 1000 |
| Arcane Tower | 1 | 70 | / | 50 |
| Guard Tower | 34 | 2380 | / | 1700 |
| Altar of Kings | 2 | 360 | / | 100 |
| Farm | 22 | 1760 | / | 440 |
| Barracks | 1 | 160 | / | 60 |
| Lumber Mill | 2 | 240 | / | 0 |
| Town Hall | 2 | 770 | / | 410 |
| Blacksmith | 1 | 140 | / | 60 |
| Gryphon Aviary | 4 | 560 | / | 600 |
| Keep | 2 | 640 | / | 420 |
| Castle | 1 | 360 | / | 210 |
| total: | 84 | 5490g | / | 2670w |
| 0:03 | Peasant |
| 0:05 | Altar of Kings |
| 0:07 | Peasant |
| 0:20 | Farm |
| 0:25 | Farm |
| 0:26 | Peasant |
| 0:31 | Peasant |
| 0:44 | Peasant |
| 0:49 | Peasant |
| 0:56 | Barracks |
| 1:01 | Farm |
| 1:11 | Peasant |
| 1:24 | Peasant |
| 1:35 | Peasant |
| 1:38 | Scout Tower |
| 1:40 | Peasant |
| 1:48 | Peasant |
| 1:59 | Peasant |
| 2:02 | Footman |
| 2:10 | Arcane Tower |
| 2:14 | Storm Bolt |
| 2:23 | Peasant |
| 2:30 | Footman |
| 2:39 | Farm |
| 3:16 | Footman |
| 3:16 | Footman |
| 3:18 | Scout Tower |
| 3:52 | Lumber Mill |
| 3:53 | Peasant |
| 3:53 | Peasant |
| 3:56 | Scout Tower |
| 4:23 | Footman |
| 4:23 | Footman |
| 4:38 | Guard Tower |
| 5:11 | Farm |
| 5:17 | Scout Tower |
| 5:43 | Improved Masonry |
| 5:59 | Guard Tower |
| 6:00 | Scout Tower |
| 6:03 | Footman |
| 6:03 | Defend |
| 6:46 | Bash |
| 6:50 | Bash |
| 6:54 | Footman |
| 6:55 | Guard Tower |
| 7:09 | Scout Tower |
| 7:10 | Scout Tower |
| 7:11 | Scout Tower |
| 7:38 | Guard Tower |
| 7:41 | Scout Tower |
| 7:44 | Scout Tower |
| 7:45 | Scout Tower |
| 8:00 | Peasant |
| 8:04 | Keep |
| 8:13 | Guard Tower |
| 8:15 | Scout Tower |
| 8:16 | Scout Tower |
| 8:17 | Guard Tower |
| 8:21 | Guard Tower |
| 8:36 | Guard Tower |
| 8:37 | Scout Tower |
| 8:38 | Scout Tower |
| 8:39 | Scout Tower |
| 8:40 | Scout Tower |
| 8:55 | Guard Tower |
| 9:12 | Guard Tower |
| 9:14 | Guard Tower |
| 9:19 | Town Hall |
| 9:23 | Guard Tower |
| 9:37 | Guard Tower |
| 9:42 | Scout Tower |
| 9:43 | Scout Tower |
| 9:46 | Scout Tower |
| 9:47 | Scout Tower |
| 9:49 | Guard Tower |
| 10:18 | Guard Tower |
| 10:20 | Guard Tower |
| 10:51 | Guard Tower |
| 10:52 | Scout Tower |
| 10:53 | Scout Tower |
| 10:53 | Scout Tower |
| 10:54 | Scout Tower |
| 10:55 | Scout Tower |
| 11:49 | Guard Tower |
| 11:52 | Scout Tower |
| 11:53 | Scout Tower |
| 11:54 | Scout Tower |
| 12:07 | Farm |
| 12:08 | Farm |
| 12:25 | Altar of Kings |
| 12:36 | Guard Tower |
| 13:45 | Lumber Mill |
| 13:48 | Scout Tower |
| 15:33 | Guard Tower |
| 15:35 | Keep |
| 16:20 | Scout Tower |
| 16:21 | Scout Tower |
| 16:21 | Scout Tower |
| 16:21 | Scout Tower |
| 16:23 | Scout Tower |
| 16:54 | Guard Tower |
| 16:55 | Guard Tower |
| 16:59 | Scout Tower |
| 17:17 | Guard Tower |
| 17:23 | Guard Tower |
| 17:30 | Guard Tower |
| 18:01 | Farm |
| 18:03 | Farm |
| 18:30 | Farm |
| 18:31 | Farm |
| 20:30 | Holy Light |
| 23:17 | Town Hall |
| 33:46 | Divine Shield |
| 36:46 | Holy Light |
| 36:49 | Bash |
| 38:12 | Lesser Clarity Potion |
| 38:12 | Lesser Clarity Potion |
| 40:18 | Bash |
| 41:06 | Divine Shield |
| 66:49 | Scout Tower |
| 66:49 | Scout Tower |
| 66:50 | Scout Tower |
| 66:51 | Scout Tower |
| 67:01 | Scout Tower |
| 67:02 | Scout Tower |
| 67:05 | Divine Shield |
| 67:08 | Guard Tower |
| 67:26 | Scout Tower |
| 67:26 | Scout Tower |
| 67:27 | Scout Tower |
| 67:34 | Guard Tower |
| 67:36 | Guard Tower |
| 67:57 | Scout Tower |
| 68:00 | Guard Tower |
| 68:05 | Guard Tower |
| 68:13 | Scout Tower |
| 68:14 | Scout Tower |
| 68:30 | Guard Tower |
| 68:37 | Guard Tower |
| 69:01 | Guard Tower |
| 69:08 | Scout Tower |
| 69:09 | Scout Tower |
| 69:14 | Improved Lumber Harvesting |
| 69:22 | Advanced Masonry |
| 69:43 | Guard Tower |
| 70:29 | Castle |
| 70:32 | Gryphon Aviary |
| 70:39 | Gryphon Aviary |
| 70:44 | Gryphon Aviary |
| 70:56 | Gryphon Aviary |
| 71:57 | Farm |
| 71:58 | Farm |
| 72:11 | Farm |
| 72:51 | Storm Hammers |
| 72:51 | Gryphon Rider |
| 72:52 | Gryphon Rider |
| 73:42 | Gryphon Rider |
| 73:47 | Blacksmith |
| 74:32 | Iron Forged Swords |
| 74:38 | Gryphon Rider |
| 75:13 | Gryphon Rider |
| 76:07 | Iron Plating |
| 76:07 | Steel Forged Swords |
| 76:32 | Steel Plating |
| 77:12 | Farm |
| 77:20 | Farm |
| 77:59 | Farm |
| 78:00 | Farm |
| 78:42 | Farm |
| 78:43 | Farm |
| 78:44 | Farm |
| 79:26 | Farm |
| 85:15 | Storm Bolt |
| 97:31 | Holy Light |
| 98:24 | Storm Bolt |
| Right click | 7050 |
| Select group | 3828 |
| Select | 791 |
| Use ability | 158 |
| Misc. action | 124 |
| Build/train/purchase | 119 |
| Resource trade | 114 |
| Assign group | 50 |
| Chat | 32 |
| Minimap ping | 16 |
| Esc | 8 |
| Remove unit | 4 |
| Item give/drop | 2 |


| Peasant | 12 | 900 | / | 0 |
| Footman | 4 | 540 | / | 0 |
| Flying Machine | 44 | 4400 | / | 1320 |
| Mortar Team | 13 | 2340 | / | 910 |
| Dragonhawk Rider | 5 | 1000 | / | 150 |
| total: | 78 | 9180g | / | 2380w |
| Scout Tower | 22 | 660 | / | 440 |
| Guard Tower | 14 | 980 | / | 700 |
| Arcane Tower | 1 | 70 | / | 50 |
| Altar of Kings | 2 | 360 | / | 100 |
| Farm | 17 | 1360 | / | 340 |
| Lumber Mill | 1 | 120 | / | 0 |
| Barracks | 1 | 160 | / | 60 |
| Blacksmith | 1 | 140 | / | 60 |
| Town Hall | 1 | 385 | / | 205 |
| Arcane Vault | 1 | 130 | / | 30 |
| Cannon Tower | 2 | 240 | / | 200 |
| Workshop | 8 | 1120 | / | 1120 |
| Gryphon Aviary | 1 | 140 | / | 150 |
| Arcane Sanctum | 1 | 150 | / | 140 |
| Keep | 1 | 320 | / | 210 |
| Castle | 1 | 360 | / | 210 |
| total: | 56 | 4725g | / | 2645w |
| 0:06 | Altar of Kings |
| 0:15 | Farm |
| 0:16 | Peasant |
| 0:22 | Peasant |
| 0:44 | Farm |
| 1:04 | Peasant |
| 1:04 | Peasant |
| 1:11 | Lumber Mill |
| 1:26 | Peasant |
| 1:26 | Peasant |
| 1:45 | Barracks |
| 1:51 | Peasant |
| 2:28 | Storm Bolt |
| 2:34 | Farm |
| 2:36 | Peasant |
| 2:36 | Peasant |
| 2:38 | Improved Masonry |
| 2:43 | Scout Tower |
| 2:46 | Scout Tower |
| 2:47 | Scout Tower |
| 2:50 | Peasant |
| 2:58 | Footman |
| 2:59 | Footman |
| 3:06 | Scout Tower |
| 3:10 | Scout Tower |
| 3:15 | Guard Tower |
| 3:22 | Scout Tower |
| 3:28 | Peasant |
| 3:28 | Peasant |
| 3:37 | Guard Tower |
| 3:46 | Scout Tower |
| 3:48 | Scout Tower |
| 4:02 | Keep |
| 4:24 | Footman |
| 4:24 | Footman |
| 4:28 | Scout Tower |
| 4:30 | Arcane Tower |
| 5:00 | Guard Tower |
| 5:02 | Guard Tower |
| 5:27 | Scout Tower |
| 5:57 | Scout Tower |
| 6:02 | Guard Tower |
| 6:10 | Scout Tower |
| 6:39 | Farm |
| 6:48 | Castle |
| 6:53 | Scout Tower |
| 6:54 | Scout Tower |
| 6:54 | Scout Tower |
| 6:57 | Guard Tower |
| 6:58 | Scout Tower |
| 6:59 | Scout Tower |
| 7:13 | Advanced Masonry |
| 7:24 | Guard Tower |
| 7:29 | Guard Tower |
| 7:49 | Guard Tower |
| 7:53 | Blacksmith |
| 8:04 | Holy Light |
| 8:09 | Guard Tower |
| 8:12 | Scout Tower |
| 8:19 | Guard Tower |
| 8:22 | Scout Tower |
| 8:38 | Improved Lumber Harvesting |
| 8:59 | Guard Tower |
| 9:07 | Workshop |
| 9:22 | Guard Tower |
| 9:26 | Scout Tower |
| 9:29 | Imbued Masonry |
| 9:32 | Black Gunpowder |
| 10:01 | Town Hall |
| 10:13 | Guard Tower |
| 10:15 | Flying Machine |
| 10:36 | Fragmentation Shards |
| 10:37 | Flare |
| 10:48 | Workshop |
| 10:49 | Workshop |
| 10:53 | Workshop |
| 11:08 | Workshop |
| 11:16 | Workshop |
| 11:31 | Advanced Lumber Harvesting |
| 11:47 | Workshop |
| 11:52 | Workshop |
| 12:01 | Flying Machine Bombs |
| 12:03 | Refined Gunpowder |
| 12:57 | Flak Cannons |
| 13:17 | Mortar Team |
| 13:17 | Mortar Team |
| 13:46 | Imbued Gunpowder |
| 14:04 | Flying Machine |
| 14:06 | Mortar Team |
| 14:12 | Mortar Team |
| 14:18 | Farm |
| 14:19 | Farm |
| 14:20 | Farm |
| 15:24 | Iron Plating |
| 15:47 | Farm |
| 15:50 | Farm |
| 16:23 | Farm |
| 16:34 | Steel Plating |
| 16:40 | Flying Machine |
| 16:40 | Flying Machine |
| 16:40 | Flying Machine |
| 16:41 | Flying Machine |
| 16:41 | Flying Machine |
| 16:41 | Flying Machine |
| 16:58 | Farm |
| 18:24 | Gryphon Aviary |
| 18:43 | Arcane Sanctum |
| 18:52 | Flying Machine |
| 18:53 | Flying Machine |
| 18:53 | Flying Machine |
| 18:53 | Flying Machine |
| 18:53 | Flying Machine |
| 19:34 | Flying Machine |
| 19:34 | Flying Machine |
| 19:57 | Arcane Vault |
| 20:49 | Mortar Team |
| 21:03 | Mithril Plating |
| 22:14 | Cloud |
| 23:30 | Studded Leather Armor |
| 25:29 | Mortar Team |
| 25:44 | Dragonhawk Rider |
| 25:44 | Dragonhawk Rider |
| 26:25 | Storm Bolt |
| 26:27 | Storm Bolt |
| 26:32 | Divine Shield |
| 27:07 | Reinforced Leather Armor |
| 28:39 | Flying Machine |
| 28:39 | Flying Machine |
| 29:10 | Mortar Team |
| 29:14 | Mortar Team |
| 29:51 | Dragonhide Armor |
| 33:24 | Holy Light |
| 35:09 | Flying Machine |
| 35:09 | Flying Machine |
| 35:09 | Flying Machine |
| 35:09 | Flying Machine |
| 35:09 | Flying Machine |
| 36:38 | Flying Machine |
| 36:38 | Flying Machine |
| 36:38 | Flying Machine |
| 36:39 | Flying Machine |
| 46:38 | Dragonhawk Rider |
| 46:39 | Dragonhawk Rider |
| 46:42 | Flying Machine |
| 46:42 | Flying Machine |
| 46:43 | Flying Machine |
| 46:43 | Flying Machine |
| 49:03 | Flying Machine |
| 49:05 | Flying Machine |
| 49:06 | Flying Machine |
| 60:17 | Dragonhawk Rider |
| 60:19 | Flying Machine |
| 60:19 | Flying Machine |
| 60:19 | Flying Machine |
| 60:19 | Flying Machine |
| 60:20 | Flying Machine |
| 60:20 | Flying Machine |
| 61:01 | Farm |
| 61:01 | Farm |
| 61:58 | Farm |
| 62:13 | Farm |
| 62:50 | Mortar Team |
| 63:10 | Flying Machine |
| 63:10 | Flying Machine |
| 63:10 | Flying Machine |
| 63:38 | Flying Machine |
| 63:38 | Flying Machine |
| 63:52 | Farm |
| 64:01 | Farm |
| 66:04 | Scout Tower |
| 66:31 | Scout Tower |
| 66:33 | Cannon Tower |
| 66:39 | Mortar Team |
| 66:39 | Mortar Team |
| 66:39 | Mortar Team |
| 66:39 | Mortar Team |
| 68:29 | Altar of Kings |
| 68:41 | Cannon Tower |
| Right click | 2653 |
| Select group | 1440 |
| Select | 828 |
| Build/train/purchase | 191 |
| Misc. action | 145 |
| Resource trade | 76 |
| Remove unit | 41 |
| Use ability | 37 |
| Chat | 30 |
| Assign group | 27 |
| Minimap ping | 17 |
121 units @ 17.8k
/ 2.4k
80 buildings @ 12.9k
/ 7.2k
Igotu4Life
(101:23) : 

| Wisp | 27 | 1620 | / | 0 |
| Archer | 11 | 1430 | / | 110 |
| Huntress | 10 | 1950 | / | 200 |
| Dryad | 4 | 580 | / | 240 |
| Chimaera | 10 | 3300 | / | 700 |
| Hippogryph | 13 | 2080 | / | 260 |
| Glaive Thrower | 1 | 210 | / | 65 |
| total: | 76 | 11170g | / | 1575w |
| Ancient Protector | 4 | 540 | / | 320 |
| Altar of Elders | 1 | 180 | / | 50 |
| Ancient of War | 2 | 300 | / | 120 |
| Moon Well | 9 | 1620 | / | 360 |
| Hunter's Hall | 1 | 210 | / | 100 |
| Tree of Life | 2 | 680 | / | 370 |
| Ancient of Lore | 2 | 310 | / | 290 |
| Ancient of Wind | 2 | 300 | / | 280 |
| Chimaera Roost | 4 | 560 | / | 760 |
| Tree of Ages | 1 | 320 | / | 180 |
| Tree of Eternity | 1 | 330 | / | 200 |
| total: | 27 | 4700g | / | 2650w |
| 0:02 | Wisp |
| 0:02 | Wisp |
| 0:15 | Altar of Elders |
| 0:17 | Ancient of War |
| 0:28 | Moon Well |
| 0:30 | Wisp |
| 0:42 | Wisp |
| 1:02 | Wisp |
| 1:23 | Archer |
| 1:30 | Moon Well |
| 1:43 | Archer |
| 2:00 | Archer |
| 2:10 | Archer |
| 2:22 | Force of Nature |
| 2:23 | Archer |
| 3:03 | Archer |
| 3:05 | Archer |
| 3:30 | Hunter's Hall |
| 4:07 | Archer |
| 4:07 | Archer |
| 4:11 | Moon Well |
| 4:47 | Ancient of War |
| 5:06 | Moon Well |
| 5:08 | Huntress |
| 5:42 | Wisp |
| 5:42 | Wisp |
| 5:46 | Moon Well |
| 5:52 | Huntress |
| 6:12 | Huntress |
| 6:30 | Huntress |
| 7:02 | Huntress |
| 7:09 | Huntress |
| 7:31 | Huntress |
| 7:38 | Entangling Roots |
| 8:06 | Tree of Ages |
| 8:11 | Moon Well |
| 8:34 | Huntress |
| 8:43 | Strength of the Moon |
| 9:21 | Ancient Protector |
| 9:46 | Force of Nature |
| 10:02 | Moon Armor |
| 10:59 | Wisp |
| 10:59 | Wisp |
| 11:04 | Ancient of Lore |
| 11:10 | Wisp |
| 11:32 | Thorns Aura |
| 11:36 | Huntress |
| 12:26 | Trueshot Aura |
| 12:33 | Huntress |
| 12:35 | Dryad |
| 12:35 | Dryad |
| 12:38 | Abolish Magic |
| 13:20 | Ancient of Lore |
| 14:01 | Tree of Life |
| 15:44 | Wisp |
| 15:44 | Wisp |
| 16:10 | Strength of the Wild |
| 16:12 | Wisp |
| 16:17 | Druid of the Claw Adept Training |
| 16:25 | Vorpal Blades |
| 16:27 | Tree of Eternity |
| 17:12 | Improved Strength of the Wild |
| 17:40 | Wisp |
| 17:40 | Wisp |
| 17:40 | Wisp |
| 17:41 | Wisp |
| 17:41 | Wisp |
| 18:13 | Reinforced Hides |
| 18:19 | Moon Glaive |
| 18:48 | Wisp |
| 18:48 | Wisp |
| 18:48 | Wisp |
| 18:49 | Wisp |
| 18:53 | Chimaera Roost |
| 19:06 | Chimaera Roost |
| 19:42 | Wisp |
| 19:47 | Chimaera Roost |
| 19:54 | Wisp |
| 19:59 | Moon Well |
| 20:02 | Wisp |
| 20:15 | Chimaera |
| 20:27 | Chimaera |
| 20:40 | Wisp |
| 20:43 | Wisp |
| 21:00 | Chimaera Roost |
| 21:12 | Chimaera |
| 21:17 | Chimaera |
| 21:34 | Ancient of Wind |
| 21:44 | Ancient of Wind |
| 21:52 | Chimaera |
| 22:11 | Dryad |
| 22:16 | Archer |
| 22:26 | Chimaera |
| 22:30 | Chimaera |
| 22:51 | Moon Well |
| 23:00 | Corrosive Breath |
| 23:13 | Moon Well |
| 23:26 | Chimaera |
| 23:46 | Hippogryph |
| 24:22 | Hippogryph |
| 25:56 | Chimaera |
| 26:15 | Hippogryph |
| 26:50 | Hippogryph |
| 27:50 | Hippogryph |
| 30:00 | Tree of Life |
| 30:38 | Hippogryph |
| 31:10 | Hippogryph |
| 31:42 | Hippogryph |
| 31:49 | Advanced Strength of the Wild |
| 34:05 | Searing Arrows |
| 34:34 | Hippogryph |
| 34:36 | Hippogryph |
| 34:53 | Improved Reinforced Hides |
| 35:10 | Hippogryph |
| 37:06 | Glaive Thrower |
| 37:13 | Hippogryph |
| 38:34 | Ancient Protector |
| 38:38 | Ancient Protector |
| 38:44 | Ancient Protector |
| 39:39 | Hippogryph |
| 40:15 | Archer |
| 40:39 | Dryad |
| 43:23 | Chimaera |
| 63:54 | Trueshot Aura |
| 72:15 | Searing Arrows |
| Right click | 2297 |
| Select | 831 |
| Resource trade | 205 |
| Build/train/purchase | 174 |
| Chat | 157 |
| Use ability | 57 |
| Minimap ping | 29 |
| Misc. action | 7 |
| Remove unit | 1 |



| Lesser Clarity Potion | 6 | 420 |
| Potion of Mana | 4 | 800 |
| Orb of Lightning | 2 | 750 |
| Potion of Healing | 3 | 450 |
| Tiny Great Hall | 1 | 600 |
| Scroll of Speed | 1 | 50 |
| Healing Salve | 1 | 100 |
| Scroll of Healing | 4 | 1000 |
| Scroll of Town Portal | 7 | 2450 |
| Potion of Lesser Invulnerability | 3 | 450 |
| Boots of Speed | 1 | 250 |
| Potion of Invisibility | 1 | 100 |
| total: | 34 | 7420g |
| Peon | 16 | 1200 | / | 0 |
| Grunt | 8 | 1600 | / | 0 |
| Kodo Beast | 1 | 255 | / | 60 |
| Tauren | 2 | 560 | / | 160 |
| Spirit Walker | 3 | 585 | / | 105 |
| Shaman | 1 | 130 | / | 20 |
| Troll Witch Doctor | 2 | 290 | / | 50 |
| Raider | 1 | 180 | / | 40 |
| Troll Batrider | 4 | 640 | / | 160 |
| Demolisher | 3 | 660 | / | 150 |
| Troll Berserker | 4 | 560 | / | 80 |
| total: | 45 | 6660g | / | 825w |
| Watch Tower | 21 | 2310 | / | 1680 |
| Altar of Storms | 1 | 180 | / | 50 |
| Orc Burrow | 10 | 1600 | / | 400 |
| Barracks | 2 | 360 | / | 100 |
| Voodoo Lounge | 3 | 390 | / | 90 |
| War Mill | 2 | 410 | / | 0 |
| Great Hall | 4 | 1540 | / | 740 |
| Beastiary | 4 | 580 | / | 560 |
| Tauren Totem | 4 | 540 | / | 620 |
| Spirit Lodge | 2 | 300 | / | 300 |
| Stronghold | 5 | 1575 | / | 950 |
| Fortress | 3 | 975 | / | 570 |
| total: | 53 | 8210g | / | 4540w |
| 0:03 | Peon |
| 0:03 | Peon |
| 0:08 | Altar of Storms |
| 0:20 | Orc Burrow |
| 0:24 | Peon |
| 0:34 | Barracks |
| 0:42 | Peon |
| 0:42 | Peon |
| 0:51 | Peon |
| 1:30 | Orc Burrow |
| 1:35 | Grunt |
| 1:35 | Grunt |
| 1:49 | Grunt |
| 2:02 | Voodoo Lounge |
| 2:17 | Serpent Ward |
| 2:22 | Grunt |
| 2:44 | Orc Burrow |
| 3:00 | Grunt |
| 3:22 | Peon |
| 3:27 | Grunt |
| 3:51 | Peon |
| 3:51 | Peon |
| 3:52 | Pillage |
| 4:33 | Grunt |
| 5:00 | Healing Wave |
| 5:22 | Stronghold |
| 5:23 | Grunt |
| 5:42 | Orc Burrow |
| 5:45 | War Mill |
| 6:16 | Serpent Ward |
| 7:23 | Steel Armor |
| 7:23 | Steel Melee Weapons |
| 7:44 | Berserker Strength |
| 8:07 | Beastiary |
| 8:28 | Fortress |
| 8:46 | Endurance Aura |
| 8:50 | Healing Wave |
| 9:11 | Lesser Clarity Potion |
| 9:12 | Potion of Mana |
| 9:18 | Kodo Beast |
| 9:21 | Tauren Totem |
| 9:23 | Tauren Totem |
| 9:32 | Reinforced Defenses |
| 9:35 | Orc Burrow |
| 10:01 | Watch Tower |
| 10:19 | War Stomp |
| 10:28 | Great Hall |
| 10:50 | Peon |
| 10:50 | Peon |
| 10:53 | Lesser Clarity Potion |
| 10:55 | Potion of Mana |
| 10:59 | Orb of Lightning |
| 10:59 | Potion of Healing |
| 11:19 | Spirit Walker Adept Training |
| 11:48 | Scroll of Healing |
| 11:51 | Scroll of Healing |
| 12:34 | Pulverize |
| 12:36 | Spirit Walker Master Training |
| 13:07 | Beastiary |
| 13:10 | Beastiary |
| 13:51 | Steel Ranged Weapons |
| 13:57 | Spiked Barricades |
| 13:59 | Thorium Ranged Weapons |
| 15:03 | Tauren |
| 15:41 | Spirit Walker |
| 15:58 | Cleaving Attack |
| 16:04 | Peon |
| 16:04 | Peon |
| 16:13 | Orc Burrow |
| 16:20 | Lesser Clarity Potion |
| 16:24 | Potion of Mana |
| 16:24 | Potion of Mana |
| 16:28 | Orb of Lightning |
| 16:28 | Potion of Healing |
| 16:31 | Potion of Healing |
| 16:39 | Great Hall |
| 16:47 | Envenomed Spears |
| 16:59 | Potion of Lesser Invulnerability |
| 17:02 | Scroll of Healing |
| 17:11 | Boots of Speed |
| 17:12 | Scroll of Healing |
| 17:16 | Improved Spiked Barricades |
| 17:40 | War Drums Damage Increase |
| 17:43 | Potion of Invisibility |
| 18:07 | Watch Tower |
| 18:21 | Watch Tower |
| 19:03 | Watch Tower |
| 20:25 | Thorium Armor |
| 20:26 | Arcanite Armor |
| 22:01 | Tiny Great Hall |
| 23:43 | Watch Tower |
| 23:45 | Watch Tower |
| 23:48 | Watch Tower |
| 24:35 | Great Hall |
| 24:54 | Endurance Aura |
| 24:58 | Scroll of Town Portal |
| 25:01 | Scroll of Town Portal |
| 25:42 | Stronghold |
| 26:28 | Watch Tower |
| 26:31 | Watch Tower |
| 26:34 | Watch Tower |
| 26:51 | Watch Tower |
| 27:52 | Voodoo Lounge |
| 27:59 | Watch Tower |
| 28:02 | Watch Tower |
| 28:04 | Fortress |
| 28:12 | Scroll of Town Portal |
| 28:19 | Great Hall |
| 28:21 | Watch Tower |
| 28:23 | Watch Tower |
| 28:24 | Watch Tower |
| 28:27 | Watch Tower |
| 29:33 | Beastiary |
| 29:35 | Ensnare |
| 30:04 | Watch Tower |
| 30:07 | Watch Tower |
| 30:25 | Serpent Ward |
| 30:58 | Peon |
| 30:58 | Peon |
| 30:58 | Peon |
| 31:10 | Watch Tower |
| 31:56 | Scroll of Town Portal |
| 32:12 | Howl of Terror |
| 32:17 | Watch Tower |
| 32:33 | Scroll of Town Portal |
| 33:42 | Thorium Melee Weapons |
| 33:42 | Arcanite Ranged Weapons |
| 34:47 | Potion of Lesser Invulnerability |
| 35:31 | Spirit Lodge |
| 35:33 | Spirit Lodge |
| 36:50 | Shaman Adept Training |
| 36:50 | Witch Doctor Adept Training |
| 36:52 | Arcanite Melee Weapons |
| 37:38 | Scroll of Town Portal |
| 37:39 | Scroll of Town Portal |
| 37:39 | Potion of Lesser Invulnerability |
| 38:02 | Shaman Master Training |
| 38:03 | Witch Doctor Master Training |
| 38:13 | Tauren Totem |
| 38:16 | Tauren Totem |
| 41:54 | Shaman |
| 41:54 | Troll Witch Doctor |
| 41:59 | Tauren |
| 42:12 | Orc Burrow |
| 42:50 | Raider |
| 43:09 | Spirit Walker |
| 43:14 | Troll Witch Doctor |
| 43:27 | Burning Oil |
| 45:20 | Barracks |
| 46:10 | Orc Burrow |
| 46:14 | Orc Burrow |
| 46:27 | Troll Regeneration |
| 46:58 | Berserker Upgrade |
| 51:36 | Stronghold |
| 52:11 | Voodoo Lounge |
| 52:30 | Orc Burrow |
| 53:39 | Troll Batrider |
| 54:23 | Troll Batrider |
| 55:03 | War Stomp |
| 55:04 | Cleaving Attack |
| 55:08 | Troll Batrider |
| 56:16 | Troll Batrider |
| 56:27 | War Mill |
| 56:48 | Entangling Roots |
| 57:43 | Demolisher |
| 57:48 | Demolisher |
| 57:50 | Demolisher |
| 66:00 | Big Bad Voodoo |
| 66:02 | Howl of Terror |
| 69:44 | Troll Berserker |
| 70:17 | Troll Berserker |
| 75:41 | Endurance Aura |
| 75:56 | Endurance Aura |
| 78:25 | Troll Berserker |
| 78:36 | Troll Berserker |
| 88:52 | Spirit Walker |
| 92:40 | Lesser Clarity Potion |
| 92:43 | Lesser Clarity Potion |
| 92:43 | Scroll of Speed |
| 94:52 | Lesser Clarity Potion |
| 94:53 | Healing Salve |
| Select group | 7429 |
| Right click | 4235 |
| Select | 2401 |
| Misc. action | 876 |
| Build/train/purchase | 305 |
| Use ability | 259 |
| Resource trade | 60 |
| Assign group | 45 |
| Minimap ping | 43 |
| Item give/drop | 15 |
| Esc | 8 |
| Remove unit | 2 |
⇛